 Dungeon Crawl Stone Soup version 0.20.0-15-g7f486f2 (webtiles) character file.

809 greprep the Covert (level 7, -4/41 HPs)
             Began as an Octopode Enchanter on June 27, 2017.
             Killed by divine providence
             ... invoked by an orc priest
              (9 damage)
             ... on level 6 of the Dungeon.
             The game lasted 00:11:53 (6360 turns).

greprep the Covert (Octopode Enchanter)             Turns: 6360, Time: 00:11:54

Health: -4/41      AC:  1    Str:  8    XL:     7   Next: 92%
Magic:  4/10       EV: 19    Int: 23    God:
Gold:   271        SH:  0    Dex: 24    Spells: 4/10 levels left

rFire    + . .     SeeInvis .   i - +1 dagger (speed)
rCold    + . .     Gourm    .   (no shield)
rNeg     . . .     Faith    .   (helmet restricted)
rPois    +         Spirit   .   (no amulet)
rElec    +         Reflect  .   d - +5 ring of dexterity
rCorr    +         Harm     .   j - +6 ring of intelligence
MR       .....                  (no ring)
Stlth    ++++++++..             (no ring)
Regen    0.2/turn               (no ring)
MPRegen  0.2/turn               (no ring)
                                (no ring)
                                (no ring)

@: agile, lethally poisoned (-4 -> -5), resistant
A: almost no armour, stealthy swim, amphibious, 8 rings, constrict 8, camouflage
1, gelatinous body 1
a: no special abilities


You were on level 6 of the Dungeon.
You were not hungry.

You visited 2 branches of the dungeon, and saw 7 of its levels.

You collected 271 gold pieces.

Inventory:

Hand Weapons
 i - a +1 dagger of speed (weapon)
Jewellery
 d - a +5 ring of dexterity (left tentacle)
 j - a +6 ring of intelligence (right tentacle)
 y - a +2 ring of intelligence
Wands
 f - a wand of acid (8/15)
 u - a wand of iceblast (8/15)
Scrolls
 a - 2 scrolls of magic mapping
 e - 6 scrolls of remove curse
 h - a scroll of enchant weapon {unknown}
 k - 3 scrolls of amnesia
 m - 3 scrolls of blinking {unknown}
 o - a scroll of recharging {unknown}
 p - a scroll of enchant armour {unknown}
 r - a scroll of teleportation {unknown}
 t - a scroll of fear {unknown}
Potions
 l - a potion of brilliance
 q - 3 potions of flight
Books
 b - a book of Maledictions

   Spells                             Type                      Level
   a - Corona                         Hexes                        1
   b - Ensorcelled Hibernation        Hexes/Ice                    2
   c - Confuse                        Hexes                        3
   d - Tukima's Dance                 Hexes                        3
   e - Dazzling Spray                 Conjuration/Hexes            3
 w - a book of Cantrips

   Spells                             Type                      Level
   a - Confusing Touch                Hexes                        1
   b - Animate Skeleton               Necromancy                   1
   c - Summon Small Mammal            Summoning                    1
   d - Apportation                    Translocation                1
Comestibles
 c - 2 bread rations
 g - 2 meat rations
 s - 7 fruits
 v - 2 royal jellies


   Skills:
 - Level 1.0 Short Blades
 - Level 2.0 Dodging
 + Level 12.2 Stealth
 - Level 2.0 Spellcasting
 - Level 3.0 Hexes
 + Level 1.3 Ice Magic


You had 4 spell levels left.
You knew the following spells:

 Your Spells              Type           Power        Failure   Level  Hunger
a - Corona                Hex            ###....      3%          1    #......
b - Ensorcelled Hibernat  Hex/Ice        ##....       9%          2    ##.....
c - Confuse               Hex            ###.....     11%         3    ###....


Dungeon Overview and Level Annotations

Branches:
Dungeon (6/15)             Temple (1/1) D:6

Altars:
Ashenzari
Cheibriados
Dithmenos
Elyvilon
Fedhas
Gozag
Hepliaklqana
Makhleb
Nemelex Xobeh
Okawaru
Qazlal
Ru
Trog
Vehumet
Xom
Yredelemnul
The Shining One
Jiyva

Shops:
D:5 (


Innate Abilities, Weirdness & Mutations

You cannot wear most types of armour.
You are very stealthy in the water. (Stealth+)
You are amphibious.
You can wear up to eight rings at the same time.
You can use your tentacles to constrict eight enemies at once.
Your skin changes colour to match your surroundings (Stealth+).
Your rubbery body absorbs attacks. (AC +1, EV +1)


Message History

You kill the worker ant!
Casting: Ensorcelled Hibernation
Confirm with . or Enter, or press ? or * to list all spells.
Aiming: Ensorcelled Hibernation
Press: ? - help, Shift-Dir - straight line, f - adder
Aim: an adder (chance to defeat MR: 51%)
The adder resists with some effort.
The orc shouts!
The adder bites you.
* * * LOW HITPOINT WARNING * * *
The adder misses you.
Casting: Ensorcelled Hibernation
Confirm with . or Enter, or press ? or * to list all spells.
Aiming: Ensorcelled Hibernation
Press: ? - help, Shift-Dir - straight line, f/p - adder
Aim: an adder (chance to defeat MR: 51%)
The adder resists with some effort.
You feel sick.
The orc priest calls down the wrath of Beogh upon you.
Beogh smites you!
You die...

..รท#...#
#.#...##........#
...#####
#.....##.....####
####
#########.####.....#
#.....# #.# ##....#
#.....###.# ######
#########......##)#
#.......[..#...##.###
#..........#...##...#
#..........o.ooS@...#
#..........#...##...#
#..........######...#
#..........# #####
#####o###### #. o.


You could see an orc priest, an orc wizard, an adder and an orc.

Vanquished Creatures
  Grinder (D:4)
  A phantom (D:4)
  A water moccasin skeleton (D:4)
  A scorpion (D:4)
  A howler monkey (D:6)
  A centaur zombie (D:5)
  A hound (D:6)
  An orc priest (D:6)
  An orc wizard (D:6)
  2 worker ants
  A killer bee zombie (D:5)
  Robin (D:4)
  4 gnolls (D:4)
  6 adders
  3 worms
  A dart slug (D:1)
  5 leopard geckos
  3 orcs
  4 ball pythons
  8 giant cockroaches
  18 goblins
  9 hobgoblins
  3 jackals
  4 quokkas
  5 bats
  2 frilled lizards (D:2)
  6 kobolds
  A quokka skeleton (D:4)
  9 rats
104 creatures vanquished.

Notes
Turn   | Place    | Note
-------+----------+-------------------------------------------
     0 | D:1      | greprep the Octopode Enchanter began the quest for the Orb.
     0 | D:1      | Reached XP level 1. HP: 11/11 MP: 3/3
   163 | D:1      | Reached XP level 2. HP: 5/17 MP: 5/5
   643 | D:1      | Reached skill level 5 in Stealth
  1472 | D:1      | Reached XP level 3. HP: 21/21 MP: 6/6
  1530 | D:2      | Reached skill level 6 in Stealth
  1637 | D:2      | Found a snail-covered altar of Cheibriados.
  1917 | D:2      | Found a white marble altar of Elyvilon.
  2226 | D:2      | Reached XP level 4. HP: 27/27 MP: 7/7
  2406 | D:2      | Found a sparkling altar of Nemelex Xobeh.
  2411 | D:2      | Found an iron altar of Okawaru.
  2543 | D:3      | Found a basalt altar of Yredelemnul.
  2974 | D:3      | Reached skill level 7 in Stealth
  3530 | D:3      | Reached XP level 5. HP: 28/31 MP: 8/8
  3605 | D:4      | Noticed Grinder
  3615 | D:4      | Killed Grinder
  3615 | D:4      | Reached skill level 9 in Stealth
  3615 | D:4      | Reached XP level 6. HP: 19/36 MP: 9/9
  3767 | D:4      | Learned a level 2 spell: Ensorcelled Hibernation
  3779 | D:4      | Learned a level 3 spell: Confuse
  3818 | D:4      | Reached skill level 10 in Stealth
  3951 | D:4      | Noticed Robin
  3953 | D:4      | Noticed a phantom
  4035 | D:4      | Killed Robin
  4580 | D:4      | Reached XP level 7. HP: 40/41 MP: 10/10
  4684 | D:4      | Reached skill level 11 in Stealth
  4847 | D:4      | Found an iron altar of Okawaru.
  4925 | D:5      | Entered Level 5 of the Dungeon
  5018 | D:5      | Found an iron altar of Okawaru.
  5089 | D:5      | Reached skill level 1 in Ice Magic
  5209 | D:5      | Found Abor's Antique Weapon Shop.
  5313 | D:5      | Found a shadowy altar of Dithmenos.
  6033 | D:6      | Found a staircase to the Ecumenical Temple.
  6039 | Temple   | Entered the Ecumenical Temple
  6246 | D:6      | Reached skill level 12 in Stealth
  6360 | D:6      | Killed from afar by an orc priest

Skill      XL: |  1  2  3  4  5  6  7 |
---------------+----------------------+-----
Stealth        | 5 6 7 9 10 12 | 12.2
Ice Magic      | 1 |  1.3
Short Blades   | |  1.0
Dodging        | |  2.0
Spellcasting   | |  2.0
Hexes          | |  3.0

Action                   |  1- 3 |  4- 6 |  7- 9 || total
-------------------------+-------+-------+-------++-------
Melee: Dagger            |    88 |   141 |    51 ||   280
       Constrict         |    17 |    31 |     8 ||    56
       Tentacles         |    14 |    29 |    11 ||    54
 Cast: Ensorcelled Hiber |       |     4 |     9 ||    13
       Confuse           |       |     3 |     3 ||     6
  Use: Scroll            |       |     6 |     1 ||     7
       Potion            |       |       |     2 ||     2
 Stab: Sleeping          |    16 |    11 |     5 ||    32
       Distracted        |     1 |     1 |     1 ||     3
       Confused          |       |       |     1 ||     1
  Eat: Chunk             |     4 |     2 |     2 ||     8
       Royal jelly       |       |     2 |       ||     2
       Fruit             |       |     1 |       ||     1
       Meat ration       |       |       |     1 ||     1
Armor: Skin              |     8 |     5 |     2 ||    15
Dodge: Dodged            |    45 |    73 |    26 ||   144
